 Dungeon Crawl Stone Soup version 0.18.1-6-gd335043 (webtiles) character file.

120 HungrySpirit the Charlatan (level 5, -4/37 HPs)
             Began as a Human Artificer on May 18, 2016.
             Killed themself with a badly aimed iceblast (19 damage)
             ... on level 2 of the Dungeon.
             The game lasted 00:03:18 (1538 turns).

HungrySpirit the Charlatan (Human Artificer)        Turns: 1538, Time: 00:03:19

Health: -4/37      AC:  6    Str: 13    XL:     5   Next: 25%
Magic:  6/8        EV:  9    Int: 12    God:
Gold:   80         SH:  0    Dex: 13    Spells: 0 memorised, 4 levels left

rFire  . . .     SeeInvis .     a - +0 short sword
rCold  . . .     Gourm    .     l - +0 scale mail
rNeg   . . .     Faith    .     (no shield)
rPois  .         Spirit   .     (no helmet)
rElec  .         Dismiss  .     (no cloak)
rCorr  .         Reflect  .     (no gloves)
SustAt .         Harm     .     (no boots)
MR     .....                    (no amulet)
Stlth  ..........               (no ring)
                                (no ring)

@: not resistant to hostile enchantments, extremely unstealthy
A: no striking features
a: no special abilities


You were on level 2 of the Dungeon.
You were not hungry.

You visited 1 branch of the dungeon, and saw 2 of its levels.

You collected 80 gold pieces.

Inventory:

Hand Weapons
 a - a +0 short sword (weapon)
Armour
 l - a +0 scale mail (worn)
Wands
 c - a wand of flame (0/48)
 d - a wand of enslavement (13/24)
 e - a wand of random effects (10/48)
Scrolls
 b - 3 scrolls of remove curse {unknown}
 i - 2 scrolls of identify {unknown}
 n - a scroll of magic mapping {unknown}
Potions
 g - a potion of berserk rage {unknown}
 h - a potion of haste
 j - a potion of flight {unknown}
 k - a potion of curing {unknown}
Comestibles
 f - a bread ration
 m - 3 meat rations


   Skills:
 - Level 1.0 Fighting
 * Level 3.7 Short Blades
 - Level 2.0 Dodging
 - Level 1.0 Stealth
 + Level 4.1 Evocations


You had 4 spell levels left.
You didn't know any spells.

Dungeon Overview and Level Annotations

Branches:
Dungeon (2/15)

Altars:


Message History

Sigmund is almost dead.
This wand has 11 charges left.
Evoke which item? (* to show all) (? for menu, Esc to quit)
Zapping:
e - a wand of random effects (11/48)
Press: ? - help, Shift-Dir - straight line, f/p - Sigmund
Aim: Sigmund the scorpion (almost dead) Sigmund resists with significant effort.
This wand has 10 charges left.
Sigmund closely misses you.
Evoke which item? (* to show all) (? for menu, Esc to quit)
Zapping:
e - a wand of random effects (10/48)
Press: ? - help, Shift-Dir - straight line, f/p - Sigmund
Aim: Sigmund the scorpion (almost dead)
The mass of ice explodes!
The iceblast engulfs Sigmund.
You kill Sigmund!
Sigmund returns to his original shape as he dies.
Your Evocations skill increases to level 4!
You have reached level 5!
The iceblast engulfs you!
Ouch! That really hurt!
You die...

########## #........#
#.######.#########
#.# #.#....)†.#
#.######.#.# #@#
#.....##.#.#####'####
#..##.##.#..........#
...##.##.#.......(..#
....#.#..#..........#
##..#.#÷##..........#
....#.#.##..........#
###.#.#.##.#+########
..#.#.#.##.#


There were no monsters in sight!

Vanquished Creatures
  A scorpion (D:2)
  3 gnolls (D:2)
  An adder (D:2)
  An ooze (D:1)
  3 dart slugs
  A giant gecko (D:2)
  4 bats
  3 giant cockroaches (D:2)
  5 goblins
  A hobgoblin (D:1)
  3 giant newts (D:1)
  2 kobolds (D:1)
  5 rats
33 creatures vanquished.

Vanquished Creatures (others)
  A gnoll (D:2)
  4 toadstools (D:1)
5 creatures vanquished.

Grand Total: 38 creatures vanquished

Notes
Turn   | Place    | Note
--------------------------------------------------------------
     0 | D:1      | HungrySpirit the Human Artificer began the quest for the Orb.
     0 | D:1      | Reached XP level 1. HP: 15/15 MP: 3/3
   307 | D:1      | Reached XP level 2. HP: 20/21 MP: 4/4
   728 | D:1      | Reached XP level 3. HP: 26/26 MP: 5/5
  1123 | D:2      | Reached XP level 4. HP: 20/32 MP: 6/6
  1526 | D:2      | Noticed Sigmund
  1535 | D:2      | Noticed Sigmund
  1538 | D:2      | Killed Sigmund the scorpion
  1538 | D:2      | Reached skill level 4 in Evocations
  1538 | D:2      | Reached XP level 5. HP: 15/37 MP: 6/8
  1538 | D:2      | Killed themself with a badly aimed iceblast

Skill      XL: |  1  2  3  4 |
---------------+-------------+-----
Short Blades   | 2 3 |  3.7
Evocations     | 4 |  4.1
Fighting       | |  1.0
Dodging        | |  2.0
Stealth        | |  1.0

Action                   |  1- 3 |  4- 6 || total
-------------------------+-------+-------++-------
Melee: Short sword       |    79 |    34 ||   113
Evoke: Wand              |     3 |    19 ||    22
  Eat: Chunk             |     1 |     1 ||     2
Armor: Leather armour    |     6 |       ||     6
       Scale mail        |    25 |    17 ||    42
Dodge: Dodged            |    40 |    25 ||    65
